 Dungeon Crawl Stone Soup version 0.31-a0-876-gfe8ebadbca (webtiles) character file.

Game seed: 5003105478592532430

8066 Shalupon the Slicer (level 11, 0/66 HPs)
             Began as a Kobold Brigand on Oct 13, 2023.
             Was a Believer of Ru.
             Slain by an unseen horror (8 damage)
             ... on level 10 of the Dungeon.
             The game lasted 00:57:12 (11554 turns).

Shalupon the Slicer (Kobold Brigand)               Turns: 11554, Time: 00:57:13

Health: 0/66       AC: 15    Str:  9    XL:     11   Next: 48%
Magic:  9/9        EV: 19    Int: 12    God:    Ru [**....]
Gold:   516        SH:  0    Dex: 21    Spells: 10/10 levels left

rFire   . . .        r - +4 rapier (drain)
rCold   + . .        (no shield)
rNeg    . . .        C - +1 acid dragon scales
rPois   .            (helmet restricted)
rElec   .            c - +0 cloak
rCorr   +            (no gloves)
SInv    .            (no boots)
Will    .....        (no amulet)
Stlth   +++++        y - +4 ring of protection
HPRegen 0.31/turn    b - ring of protection from cold
MPRegen 0.11/turn

%: no passive effects
@: no status effects
A: small, no large weapons, nightstalker 3, inability to use devices, horns 1,
talons 1, iridescent scales 1, low MP 1
a: Renounce Religion


You were on level 10 of the Dungeon.
You worshipped Ru.
Ru was pleased with you.
You visited 1 branch of the dungeon, and saw 10 of its levels.

You collected 578 gold pieces.
You spent 62 gold pieces at shops.

Inventory:

Hand Weapons
 a - a +2 dagger
 j - the +4 whip of Big Damage {vamp, Fly rElec rCorr Dex+2}
   (You found it on level 4 of the Dungeon)

   Dex+2:     It affects your dexterity (+2).
   rElec:     It insulates you from electricity.
   Fly:       It grants you flight.
   rCorr:     It protects you from acid and corrosion.
 o - a +3 war axe
 r - a +4 rapier of draining (weapon)
 s - a +4 quarterstaff
 A - a +4 scimitar
Missiles
 d - 21 poisoned darts (quivered)
 e - a curare-tipped dart
 w - 5 datura-tipped darts
Armour
 c - a +0 cloak (worn)
 h - a +0 leather armour
 i - a +2 robe of positive energy
 m - a +0 helmet
 u - a +0 ring mail
 C - +1 acid dragon scales (worn)
Jewellery
 b - a ring of protection from cold (right hand)
 y - a +4 ring of protection (left hand)
Wands
 t - a wand of charming (14)
Scrolls
 f - a scroll of brand weapon {unknown}
 l - 2 scrolls of butterflies
 q - 2 scrolls of teleportation
 x - a scroll of enchant weapon
 z - 2 scrolls of blinking
 B - a scroll of immolation {unknown}
Potions
 k - a potion of brilliance {unknown}
 n - 2 potions of degeneration
 v - a potion of attraction
 D - a potion of resistance {unknown}


   Skills:
 + Level 6.7 Fighting
 + Level 11.8(12.2) Short Blades
 + Level 2.6(5.5) Long Blades
 + Level 3.2 Maces & Flails
 + Level 7.5 Throwing
 + Level 4.3 Armour
 + Level 8.3 Dodging
 + Level 9.9 Stealth


You had 10 spell levels left.
You didn't know any spells.
Your spell library contained the following spells:

 Spells                   Type           Power      Damage    Failure   Level
 Magic Dart               Conj           0%         1d3       47%         1
 Searing Ray              Conj           0%         2d4       63%         2
 Inner Flame              Hex/Fire       0%         N/A       85%         3
 Flame Wave               Conj/Fire      0%         2d4       99%         4
 Fulminant Prism          Conj/Hex       0%         3d5       99%         4
 Sticky Flame             Conj/Fire      0%         2d3       99%         4


Dungeon Overview and Level Annotations

Branches:
Dungeon (10/15)            Temple (0/1) D:6
   Lair: D:8-11         Orc: D:9-12

Altars:
Ashenzari
Elyvilon
Gozag
Ru
Vehumet

Shops:
D:2 *:(?

Annotations:
D:7 exclusion: ice statue


Innate Abilities, Weirdness & Mutations

You are small and have problems with some larger weapons.
You are completely attuned to the shadows.
You cannot study or use magical devices.
You have a pair of small horns on your head.
You have sharp toenails.
You are partially covered in iridescent scales. (AC +2)
Your magical capacity is low. (-10% MP)


Message History

Okay, then.
Throw: 22 darts (poison)
Press: ? - help, Q - select action, (/) - cycle Shift-Dir - straight line, f/p - elephant
Aim: an elephant (moderately wounded, poisoned, 91% to hit)
You throw a poisoned dart. The poisoned dart hits the elephant!
The elephant looks as sick as possible!
The elephant is moderately wounded.
Something hits you but does no damage. Something hits you. Something hits you!
Something hits you but does no damage. Something closely misses you.
The elephant attacks as it pursues you! The elephant misses you.
The elephant trunk-slaps you. Something hits you.
The elephant attacks as it pursues you! The elephant barely misses you.
The elephant trunk-slaps you but does no damage.
The elephant attacks as it pursues you! The elephant completely misses you.
The elephant closely misses you. Something hits you but does no damage.
You feel better. Something misses you. The elephant barely misses you.
The elephant trunk-slaps you but does no damage.
Something completely misses you. The elephant attacks as it pursues you!
The elephant is stunned by your conviction and fails to attack.
Something barely misses you.
A gargoyle comes into view. It is wielding a +0 flail.
Something hits you.
As you read the scroll of teleportation, it crumbles to dust.
You feel strangely unstable. The elephant tramples you!
* * * LOW HITPOINT WARNING * * *
You stumble backwards!
The gargoyle hurls a stone arrow at you.
The stone arrow hits something!
Something hits you but does no damage. Something barely misses you.
The elephant attacks as it pursues you! The elephant tramples you.
* * * LOW HITPOINT WARNING * * *
You stumble backwards!
Your surroundings suddenly seem different.
Something hits you.
* * * LOW HITPOINT WARNING * * *
Something hits you!
You die...

..................#
##...##.#
.................Y#
###....#
..................#
######
####............9.#
#..............#
#..............#
###..............#
...........<.....#
...............@.#
.................#
.................#
.................#
.................#
.................#
.......>.....(...#
########........##
##.......#


There were no monsters in sight!

Vanquished Creatures
  Erolcha (D:9)
  A two-headed ogre (D:9)
  Pikel (D:7)
  Maurice (D:9)
  Maggie (D:7)
  2 polar bears (D:10)
  A hornet (D:9)
  Sigmund (D:6)
  A wyvern (D:10)
  Eustachio (D:6)
  10 yaks
  Duvessa (D:7)
  2 orc warriors (D:9)
  An ice beast (D:10)
  An ogre (D:4)
  A wolf (D:10)
  A kobold brigand (D:7)
  4 bullfrogs
  2 scorpions
  A gnoll sergeant (D:8)
  20 wights
  Dowan (D:7)
  13 killer bees
  A howler monkey (D:9)
  2 hounds (D:6)
  A gnoll bouda (D:9)
  An orc priest (D:8)
  Crazy Yiuf (D:7)
  A sleepcap (D:7)
  2 iguanas
  7 orc wizards
  Robin (D:3)
  9 gnolls
  5 adders
  A shadow imp (D:7)
  A white imp (D:10)
  An ufetubus (D:10)
  4 dart slugs
  13 orcs
  11 ball pythons
  6 bats
  6 endoplasms
  6 giant cockroaches
  8 goblins
  10 hobgoblins
  4 jackals (D:2)
  9 kobolds
  3 quokkas
  2 frilled lizards
  8 rats
193 creatures vanquished.

Vanquished Creatures (collateral kills)
  An orc wizard (D:7)
  2 orcs
  A giant cockroach (D:3)
  6 goblins (D:3)
  A kobold (D:7)
11 creatures vanquished.

Vanquished Creatures (others)
  An orc priest (D:8)
  An orc (D:3)
  A kobold (D:7)
3 creatures vanquished.

Grand Total: 207 creatures vanquished

Notes
Turn   | Place    | Note
-------+----------+-------------------------------------------
     0 | D:1      | Shalupon the Kobold Brigand began the quest for the Orb.
     0 | D:1      | Reached XP level 1. HP: 12/12 MP: 1/1
   127 | D:1      | Reached XP level 2. HP: 17/17 MP: 2/2
   769 | D:1      | Reached XP level 3. HP: 19/21 MP: 3/3
  1643 | D:1      | Gained mutation: You are covered in fur. (AC +1) [potion of
                  | mutation]
  1643 | D:1      | Gained mutation: You are frail. (-10% HP) [potion of
                  | mutation]
  2143 | D:2      | Reached XP level 4. HP: 21/24 MP: 4/4
  2348 | D:2      | Found Joxtano's General Store.
  2354 | D:2      | Bought a potion of curing for 36 gold pieces
  2375 | D:2      | Found Lielicux's Book Emporium.
  2430 | D:2      | Found Paplagull's Magic Scroll Shop.
  2490 | D:2      | Found Coiplirph's Antique Weapon Boutique.
  2534 | D:2      | Bought a scroll of identify for 26 gold pieces
  2779 | D:3      | Found a sacrificial altar of Ru.
  2789 | D:3      | Became a worshipper of Ru the Awakened
  2865 | D:3      | Found an opulent altar of Gozag.
  3206 | D:3      | Reached skill level 1 in Long Blades
  3400 | D:3      | Noticed Robin
  3410 | D:3      | Reached XP level 5. HP: 22/27 MP: 5/5
  3415 | D:3      | Killed Robin
  3811 | D:3      | Noticed a bullfrog
  3821 | D:3      | Killed a bullfrog
  3822 | D:3      | Reached skill level 1 in Armour
  4471 | D:4      | Noticed an ogre
  4503 | D:4      | Killed an ogre
  4504 | D:4      | Reached XP level 6. HP: 32/32 MP: 6/6
  4603 | D:4      | Identified the +4 whip of Big Damage {vamp, Fly rElec rCorr
                  | Dex+2}
  4715 | D:4      | Found a white marble altar of Elyvilon.
  4900 | D:5      | Entered Level 5 of the Dungeon
  4995 | D:5      | Gained mutation: You cannot study or use magical devices.
                  | [Ru sacrifice]
  4995 | D:5      | Reached * piety under Ru
  4995 | D:5      | Reached ** piety under Ru
  5486 | D:5      | Reached XP level 7. HP: 36/36 MP: 7/7
  5527 | D:5      | Lost mutation: You are frail. (-10% HP) [potion of
                  | mutation]
  5527 | D:5      | Lost mutation: You are covered in fur. (AC +1) [potion of
                  | mutation]
  5527 | D:5      | Gained mutation: You have sharp toenails. [potion of
                  | mutation]
  5527 | D:5      | Gained mutation: You are partially covered in iridescent
                  | scales. (AC +2) [potion of mutation]
  5527 | D:5      | Gained mutation: Your magical capacity is low. (-10% MP)
                  | [potion of mutation]
  5527 | D:5      | Gained mutation: You have a pair of small horns on your
                  | head. [potion of mutation]
  5806 | D:5      | Reached skill level 1 in Maces & Flails
  6534 | D:5      | Identified a scroll of acquirement
  6535 | D:5      | Acquired a +1 rapier of draining
  6564 | D:6      | Noticed Eustachio
  6690 | D:6      | Reached skill level 3 in Short Blades
  6727 | D:6      | Killed Eustachio
  6728 | D:6      | Reached XP level 8. HP: 39/46 MP: 7/7
  6800 | D:6      | Found a radiant altar of Vehumet.
  6801 | D:6      | Noticed Sigmund
  6832 | D:6      | Killed Sigmund
  7039 | D:7      | Noticed Duvessa
  7040 | D:7      | Noticed Dowan
  7068 | D:7      | Killed Duvessa
  7080 | D:7      | Killed Dowan
  7416 | D:7      | Reached skill level 4 in Short Blades
  7661 | D:7      | Noticed Pikel
  7700 | D:7      | Killed Pikel
  7701 | D:7      | Reached skill level 6 in Short Blades
  7701 | D:7      | Reached skill level 5 in Throwing
  7701 | D:7      | Reached skill level 5 in Dodging
  7701 | D:7      | Reached XP level 9. HP: 38/52 MP: 8/8
  7763 | D:7      | Noticed Maggie
  7783 | D:7      | Killed Maggie
  7892 | D:7      | Found a runed translucent door.
  7895 | D:7      | Noticed Crazy Yiuf
  7903 | D:7      | Killed Crazy Yiuf
  8078 | D:7      | Reached skill level 7 in Short Blades
  8190 | D:7      | Noticed an ice statue
  8665 | D:8      | Reached XP level 10. HP: 40/58 MP: 9/9
  8671 | D:8      | Reached skill level 8 in Short Blades
  8849 | D:8      | HP: 2/58 [poisoned by a killer bee]
  9106 | D:8      | Reached skill level 5 in Fighting
  9353 | D:8      | Reached skill level 9 in Short Blades
  9841 | D:9      | Reached skill level 10 in Short Blades
  9967 | D:9      | Found a broken altar of Ashenzari.
 10035 | D:9      | Noticed a two-headed ogre
 10058 | D:9      | Killed a two-headed ogre
 10161 | D:9      | Reached XP level 11. HP: 64/64 MP: 9/9
 10564 | D:9      | Reached skill level 11 in Short Blades
 10616 | D:9      | Noticed Maurice
 10628 | D:9      | Something stole a +4 scimitar
 10656 | D:9      | Something stole 79 gold
 10660 | D:9      | Killed Maurice
 10849 | D:9      | Noticed Erolcha
 10864 | D:9      | Killed Erolcha
 11163 | D:10     | Entered Level 10 of the Dungeon
 11510 | D:10     | Noticed an elephant
 11554 | D:10     | Slain by an unseen horror

Illustrated notes

Levels and vault maps discovered:
D:1:      dpeg_arrival_rooms_with_view, layout_basic, serial_aquarium,
          aquarium_bridge_straight [aquarium_subvault_bridge,
          aquarium_subvault_window, aquarium_subvault_bridge,
          aquarium_subvault_window], aquarium_window_2, aquarium_window_2,
          aquarium_window_fake, aquarium_view_2c, aquarium_view_2e
D:2:      layout_basic, serial_shops, nicolae_shop_crystal, shop, shop, shop,
          interstate_on_off, grunt_ministairs_7
D:3:      layout_basic, nicolae_ru_sacrificial_ziggurat,
          nicolae_gozag_seed_capital, uniq_robin
D:4:      layout_cave_pools, elyvilon_altar_5
D:5:      layout_layer_cave, dk_noncrumbling_4
D:6:      layout_basic, old_standard_altar, minmay_temple_entry_tees,
          uniq_eustachio, uniq_sigmund
D:7:      lemuel_ice_statue, layout_rooms, uniq_maggie, uniq_pikel,
          uniq_duvessa, uniq_crazy_yiuf_cottage
D:8:      layout_rooms
D:9:      layout_stronghold, mainiacjoe_overflow_boulevard, uniq_erolcha,
          uniq_maurice
D:10:     layout_long_grid, mainiacjoe_overflow_catch_the_wave,
          david_lair_generic, serial_ice, serial_ice_b, serial_ice_f,
          serial_ice_o, serial_ice_l, serial_ice_d, serial_ice_n, serial_ice_e,
          serial_ice_g

Skill      XL: |  1  2  3  4  5  6  7  8  9 10 11 |
---------------+----------------------------------+-----
Stealth        | 6 7 8 9 |  9.9
Dodging        | 2 3 5 6 7 8 |  8.3
Long Blades    | 1 2 |  2.6
Armour         | 1 2 3 4 |  4.3
Throwing       | 3 5 6 7 |  7.5
Fighting       | 3 4 5 6 |  6.7
Maces & Flails | 2 3 |  3.2
Short Blades   | 3 6 7 10 11 | 11.8

Action                     |  1- 3 |  4- 6 |  7- 9 | 10-12 || total
---------------------------+-------+-------+-------+-------++-------
  Melee: Long sword        |    59 |    64 |       |       ||   123
         Dagger            |     4 |       |       |       ||     4
         Punch             |     1 |     1 |     3 |     2 ||     7
         Whip              |       |    28 |    33 |       ||    61
         Rapier            |       |       |   171 |   278 ||   449
         Kick              |       |       |    61 |   109 ||   170
         Headbutt          |       |       |    42 |    71 ||   113
  Throw: Dart              |    15 |    15 |    38 |    41 ||   109
         Throwing net      |       |       |       |     3 ||     3
 Invoke: Sacrifice Artific |       |     1 |       |       ||     1
         Reject Sacrifices |       |       |     1 |       ||     1
    Use: Scroll            |     3 |     5 |    19 |     4 ||    31
         Potion            |     2 |     1 |     9 |     1 ||    13
   Stab: Sleeping          |     7 |    11 |     4 |     4 ||    26
         Distracted        |       |       |     1 |       ||     1
         Held in net/web   |       |       |       |     2 ||     2
 Armour: Robe              |     9 |       |    48 |       ||    57
         Leather armour    |    31 |    44 |    46 |       ||   121
         Acid dragon scale |       |       |    54 |   150 ||   204
  Dodge: Dodged            |    82 |    79 |   177 |   237 ||   575

Table legend: (Time is in decaauts)
 A = Elapsed time spent in this place.
 B = Non-inter-level travel time spent in this place.
 C = Inter-level travel time spent in this place.
 D = Time resting spent in this place.
 E = Time spent auto-exploring this place.
 F = Levels seen in this place.
 G = Mean time per level.
                   A        B        C        D        E       F      G
               +--------+--------+--------+--------+--------+-----+--------+
         Total |  11460 |  10832 |    628 |   1647 |   4832 |  10 | 1146.0 |
       Dungeon |  11460 |  10832 |    628 |   1647 |   4832 |  10 | 1146.0 |
               +--------+--------+--------+--------+--------+-----+--------+

Top non-repeatable levels by time:
     D:1: 1822 daAuts
     D:9: 1761 daAuts
     D:5: 1660 daAuts
     D:3: 1623 daAuts
     D:7: 1360 daAuts
     D:2: 923 daAuts
     D:8: 904 daAuts
     D:4: 567 daAuts
     D:6: 470 daAuts
    D:10: 366 daAuts
